 Dungeon Crawl Stone Soup version 0.29-a0-284-gf9362112df (webtiles) character file.

Game seed: 14525977600152209598

175282 Hubris850 the Brawler (level 18, -6/240 HPs)
             Began as a Naga Transmuter on Mar 15, 2022.
             Was the Champion of Cheibriados.
             Mangled by an orc knight
             ... wielding a +1 antimagic glaive
              (16 damage)
             ... on level 2 of the Orcish Mines.
             The game lasted 02:11:37 (38255 turns).

Hubris850 the Brawler (Naga Transmuter)            Turns: 38255, Time: 02:11:38

Health: -6/240     AC: 18    Str: 37 (38) XL:     18   Next: 9%
Magic:  0/32       EV: 18    Int: 30 (32) God:    Cheibriados [******]
Gold:   3549       SH:  5    Dex: 29      Spells: 10/38 levels left

rFire   + . .      SeeInvis +     - Unarmed
rCold   + . .      Faith    .   (shield currently unavailable)
rNeg    . . .      Spirit   .   I - +4 leather armour of Day {rElec Will+}
rPois   +          Reflect  +   r - +2 hat
rElec   +          Harm     .   q - scarf {rC+ rF+}
rCorr   .          Rampage  .   (gloves currently unavailable)
Will    ++++.                   (no barding)
Stlth   ..........              c - amulet of reflection
HPRegen 0.50/turn               s - +4 ring of protection
MPRegen 0.23/turn               C - +6 ring of strength

@: berserking, blade hands, very slow
A: AC +6, large, see invisible, deformed body, poison resistance, slowness 2,
spit poison 1, naga tail 2, deterioration 1, strong-willed 1, strong 1
a: Spit Poison, End Transformation, Renounce Religion, Bend Time, Temporal
Distortion, Slouch, Step From Time


You were on level 2 of the Orcish Mines.
You worshipped Cheibriados.
Cheibriados was exalted by your worship.
You had blades for hands.
You visited 4 branches of the dungeon, and saw 24 of its levels.
You also visited: Ossuary and Gauntlet.

You collected 3549 gold pieces.

Inventory:

Hand Weapons
 a - a +1 quick blade of venom
 W - the +5 halberd of Kiemavea {vorpal, rElec rC- Str+4}
   (You found it on level 11 of the Dungeon)

   It inflicts extra damage upon your enemies.
   Str:       It affects your strength (+4).
   rC:        It makes you vulnerable to cold.
   rElec:     It insulates you from electricity.
Missiles
 l - 4 silver javelins
 n - 6 boomerangs (quivered)
 y - a throwing net
 F - 8 curare-tipped darts
 V - 11 javelins
Armour
 q - a scarf of resistance (worn)
 r - a +2 hat (worn)
 v - a +1 pair of gloves (melded)
 I - the +4 leather armour of Day (worn) {rElec Will+}
   (You found it on level 7 of the Dungeon)

   rElec:     It insulates you from electricity.
   Will:      It increases your willpower.
Jewellery
 c - an amulet of reflection (around neck)
 s - a +4 ring of protection (left blade hand)
 z - an amulet of faith
 C - a +6 ring of strength (right blade hand)
 E - a ring of resist corrosion
 S - a ring of positive energy
 Z - the ring "Wiunetre" {rF+ SInv}
   (You found it in a Gauntlet)

   [ring of see invisible]

   rF:        It protects you from fire.
   SInv:      It lets you see invisible.
Wands
 b - a wand of flame (36)
 k - a wand of paralysis (6)
 m - a wand of iceblast (23)
 B - a wand of digging (27)
 Q - a wand of mindburst (3)
 X - a wand of charming (5)
Scrolls
 f - 5 scrolls of teleportation
 g - 3 scrolls of summoning
 i - 2 scrolls of amnesia
 u - 5 scrolls of silence
 D - 6 scrolls of immolation
 G - a scroll of brand weapon
 K - a scroll of fog
 N - 4 scrolls of enchant armour
 U - 3 scrolls of enchant weapon
 Y - 4 scrolls of identify
Potions
 d - 14 potions of curing
 h - 3 potions of attraction
 j - a potion of resistance
 o - 5 potions of lignification
 p - a potion of might
 t - a potion of magic
 w - 6 potions of mutation
 A - 6 potions of flight
 M - 2 potions of berserk rage
 P - 4 potions of heal wounds
 R - 11 potions of ambrosia
 T - a potion of invisibility


   Skills:
 - Level 10.0 Fighting
 + Level 4.2 Throwing
 - Level 8.4 Armour
 - Level 9.0 Dodging
 - Level 6.0 Stealth
 - Level 16.4 Unarmed Combat
 + Level 10.5 Spellcasting
 - Level 5.5 Conjurations
 - Level 5.6 Hexes
 - Level 10.2 Transmutations
 - Level 5.0 Ice Magic
 - Level 3.0 Poison Magic
 - Level 9.0 Invocations


You had 10 spell levels left.
You knew the following spells:

 Your Spells              Type           Power      Damage    Failure   Level
a - Beastly Appendage     Tmut           100%       N/A       6%          1
b - Spider Form           Tmut/Pois      53%        N/A       13%         3
c - Ice Form              Ice/Tmut       57%        N/A       19%         4
d - Alistair's Intoxicat  Tmut/Pois      35%        N/A       36%         5
e - Yara's Violent Unrav  Hex/Tmut       29%        3d12      28%         5
f - Blade Hands           Tmut           33%        N/A       19%         5
g - Irradiate             Conj/Tmut      29%        3d23      28%         5

Your spell library contained the following spells:

 Spells                   Type           Power      Damage    Failure   Level
 Wereblood                Tmut           67%        N/A       7%          2
 Magic Dart               Conj           100%       1d8       11%         1
 Searing Ray              Conj           96%        2d7       12%         2
 Ensorcelled Hibernation  Hex/Ice        94%        N/A       13%         2
 Passwall                 Tmut/Erth      38%        N/A       13%         2
 Shock                    Conj/Air       100%       1d9       16%         1
 Tukima's Dance           Hex            49%        N/A       16%         3
 Static Discharge         Conj/Air       32%        N/A       21%         2
 Animate Skeleton         Necr           30%        N/A       28%         1
 Apportation              Tloc           30%        N/A       28%         1
 Pain                     Necr           60%        1d7       28%         1
 Fulminant Prism          Conj/Hex       24%        3d13      28%         4
 Petrify                  Tmut/Erth      46%        N/A       30%         4
 Sublimation of Blood     Necr           15%        N/A       34%         2
 Swiftness                Air            15%        N/A       47%         3
 Vampiric Draining        Necr           15%        2d7       47%         3
 Anguish                  Hex/Necr       16%        N/A       47%         4
 Iskenderun's Battlesphe  Conj           48%        2d10      47%         5
 Iskenderun's Mystic Bla  Conj/Tloc      32%        2d8       50%         4
 Sticky Flame             Conj/Fire      32%        2d5       50%         4
 Fireball                 Conj/Fire      16%        3d8       75%         5
 Airstrike                Air            7%         N/A       77%         4
 Animate Armour           Summ/Erth      30%        N/A       77%         4
 Animate Dead             Necr           7%         N/A       77%         4
 Dispel Undead            Necr           15%        3d10      77%         4
 Passage of Golubria      Tloc           15%        N/A       77%         4
 Conjure Ball Lightning   Conj/Air       16%        3x3d6     99%         6
 Iron Shot                Conj/Erth      16%        9d4       99%         6
 Enfeeble                 Hex            24%        N/A       100%        7
 Haunt                    Necr/Summ      7%         N/A       100%        7
 Orb of Destruction       Conj           24%        9d9       100%        7
 Summon Hydra             Summ           7%         N/A       100%        7
 Disjunction              Tloc           7%         N/A       100%        8
 Infestation              Necr           7%         N/A       100%        8


Dungeon Overview and Level Annotations

Branches:
Dungeon (15/15)            Temple (1/1) D:6            Lair (6/6) D:11
  Swamp (0/4) Lair:2       Spider (0/4) Lair:4        Slime (0/5) Lair:6
    Orc (2/2) D:12            Elf (0/3) Orc:2        Vaults (0/5) D:13
 Depths (0/4) D:15        Ossuary (visited)         Gauntlet (visited)

Altars:
Ashenzari
Cheibriados
Dithmenos
Elyvilon
Fedhas
Kikubaaqudgha
Nemelex Xobeh
Okawaru
Qazlal
Ru
Sif Muna
Trog
Vehumet
Xom
Yredelemnul
Zin
The Shining One

Shops:
D:7 *   D:9 *   D:10 *   Orc:2 *([*

Annotations:
D:14 2 exclusions
Orc:2 1 transporter


Innate Abilities, Weirdness & Mutations

You have blades for hands.
Your spellcasting is less reliable in this form.
You are incapable of wielding weapons or throwing items.
Your serpentine skin is tough. (AC +6)
You have supernaturally acute eyesight. (SInv)
Armour fits poorly on your strangely shaped body.
Your system is resistant to poisons. (rPois)
You cover ground very slowly.
You can spit poison.
You can use your snake-like lower body to constrict enemies.
Your body sometimes deteriorates upon taking damage.
You are strong-willed. (Will+)
Your muscles are strong. (Str +2)


Message History

* * * LOW HITPOINT WARNING * * *
The troll misses you. The troll barely misses you. The troll claws you.
* * * LOW HITPOINT WARNING * * *
A red film seems to cover your vision as you go berserk!
Cheibriados forces you to slow down.
You feel mighty!
The orc knight hits you from afar with a +1 antimagic glaive.
* * * LOW HITPOINT WARNING * * *
The stone giant barely misses you. The troll bites you but does no damage.
The troll barely misses you. x2
You slice the stone giant!! You slash the stone giant!!!
The stone giant is almost dead.
You slash the stone giant!
You kill the stone giant!
Cheibriados thoroughly appreciates the change of pace.
The orc knight hits you from afar with a +1 antimagic glaive!
* * * LOW HITPOINT WARNING * * *
You feel your power leaking away. The troll bites you.
* * * LOW HITPOINT WARNING * * *
The troll claws you.
* * * LOW HITPOINT WARNING * * *
The troll barely misses you.
You hit the troll. You grab the troll.
The troll is lightly wounded.
You constrict the troll.
The orc knight hits you but does no damage.
The troll bites you!
* * * LOW HITPOINT WARNING * * *
The troll barely misses you. You block the troll's attack.
The orc warrior hits you but does no damage.
You slice the troll!!
The troll is severely wounded.
You constrict the troll! You slice the troll!!
You kill the troll!
Cheibriados appreciates the change of pace.
The troll leather armour is intact enough to wear.
The orc knight hits you from afar with a +1 antimagic glaive!
You die...

#.......# ##.O.# #........#..
###......### ≈#.######.......#..
##........#O###[.[≈#..#..........
..........#.W..._.###.#.......[..
.......#..#..##.......#..#....)<)
.......#..##.# §#....##..#.....)[
...........#..##§....#...##......
.#.........###.#o[o.##...#.......
##.#........###†@.###..........#.
####.........#####...........##.
#...........©............##..
#........)...............####
#.........######......#### #
#..........# #......# ##
#..........### ###....# ##.
#####............# #...## ###..
#................## ##.## ##.#..


You could see an orc knight and an orc warrior (strong, misshapen).

Vanquished Creatures
  Kirke (D:14)
  An orc warlord (Orc:2)
  Louise (D:14)
  A stone giant (Orc:2)
  A vampire knight (D:12)
  A minotaur (Gauntlet)
  The ghost of ParaBellum the Severer, a journeyman MiBe of Trog (Orc:2)
  A fire dragon (Lair:6)
  A crystal guardian (D:12)
  Josephine (Lair:6)
  5 boulder beetles
  8 hydras
  2 centaur warriors
  11 two-headed ogres
  3 catoblepae (Lair:6)
  2 dancing weapons (D:13)
  A death knight (D:10)
  6 death yaks
  A vampire mage (D:15)
  5 tengu warriors
  5 orc high priests (Orc:2)
  A death drake (shapeshifter) (Gauntlet)
  Lodul (D:14)
  6 skeletal warriors
  2 swamp dragons
  Pikel (D:6)
  3 deep elf pyromancers
  A wizard (D:15)
  2 lindwurms (Lair:6)
  A harpy (D:12)
  9 orc knights
  8 manticores
  An orc sorcerer (Orc:2)
  12 ugly things
  2 necromancers
  A manticore (shapeshifter) (D:14)
  A wolf spider (Lair:6)
  A frost giant zombie (D:15)
  6 cyclopes
  A moth of wrath (Orc:2)
  10 elephants
  5 black mambas
  3 gargoyles (D:10)
  25 cane toads
  Psyche (D:8)
  A yaktaur (D:10)
  6 kobold demonologists
  5 rime drakes
  15 komodo dragons
  A torpor snail (Lair:6)
  2 minotaur zombies (Gauntlet)
  6 meliai
  2 queen bees
  13 trolls
  3 polar bears
  3 hornets
  Grinder (D:6)
  2 ettin zombies (D:15)
  10 dream sheep
  21 slime creatures
  A blink frog (Lair:6)
  A spriggan zombie (D:15)
  5 flying skulls (Gauntlet)
  3 shadows
  Eustachio (D:4)
  2 centaur simulacra (Gauntlet)
  9 wraiths
  3 culicivoras (Lair:4)
  Sigmund (D:4)
  A spriggan (shapeshifter) (D:15)
  49 yaks
  A vampire (D:11)
  11 wyverns
  4 hogs (D:14)
  Grum (D:7)
  5 basilisks
  8 steam dragons
  14 vampire mosquitoes
  6 wargs (Orc:2)
  Menkaure (Ossuary)
  6 acid dragons
  18 water moccasins
  A floating eye (D:10)
  A meliai simulacrum (Gauntlet)
  45 orc warriors
  3 swamp drakes (Lair:6)
  A black bear (D:5)
  3 elephant zombies (Lair:5)
  2 ice beasts
  5 sky beasts
  10 ogres
  19 wolves
  9 centaurs
  2 phantoms
  7 kobold brigands
  A komodo dragon zombie (Lair:5)
  11 bullfrogs
  A gnoll sergeant (D:11)
  5 scorpions
  12 wights
  65 killer bees
  5 electric eels (Lair:5)
  3 vampire bats (D:4)
  4 howler monkeys
  3 hounds
  A wyvern simulacrum (Gauntlet)
  11 jellies
  A basilisk zombie (Lair:5)
  32 orc priests
  A gnoll shaman (D:4)
  9 iguanas
  19 orc wizards
  Ijyb (D:3)
  4 mummies
  14 gnolls
  3 adders
  4 shadow imps
  3 white imps
  An ufetubus (D:5)
  6 dart slugs
  85 orcs
  10 ball pythons
  2 bat skeletons (D:4)
  3 bat zombies (D:4)
  15 endoplasms
  5 giant cockroaches
  7 goblins
  3 hobgoblins
  2 jackals (D:3)
  42 kobolds
  5 quokkas
  8 bats
  3 frilled lizards
  6 gnoll skeletons (Ossuary)
  5 gnoll zombies (Ossuary)
  4 goblin skeletons (Ossuary)
  3 goblin zombies (Ossuary)
  5 hobgoblin skeletons (Ossuary)
  7 hobgoblin zombies (Ossuary)
  12 kobold skeletons
  13 kobold zombies
  3 orc skeletons (Ossuary)
  6 orc zombies
  3 rats (D:1)
  4 rat skeletons (Ossuary)
  2 rat zombies (Ossuary)
996 creatures vanquished.

Vanquished Creatures (others)
  3 humans (D:14)
  A kobold (D:6)
  18 demonic plants (Gauntlet)
  29 fungi
  32 plants
  11 withered plants (D:15)
94 creatures vanquished.

Grand Total: 1090 creatures vanquished

Notes
Turn   | Place    | Note
-------+----------+-------------------------------------------
     0 | D:1      | Hubris850 the Naga Transmuter began the quest for the Orb.
     0 | D:1      | Reached XP level 1. HP: 18/18 MP: 3/3
   361 | D:1      | Reached XP level 2. HP: 12/25 MP: 5/5
   852 | D:1      | Found a faded altar of an unknown god.
  1075 | D:1      | Reached XP level 3. HP: 31/31 MP: 6/6
  1426 | D:2      | Reached skill level 4 in Unarmed Combat
  1426 | D:2      | Reached XP level 4. HP: 21/38 MP: 7/7
  2239 | D:2      | Learned a level 3 spell: Spider Form
  2431 | D:3      | Reached XP level 5. HP: 41/44 MP: 9/9
  2551 | D:3      | Found a basalt altar of Yredelemnul.
  2646 | D:3      | Noticed Ijyb
  2662 | D:3      | Killed Ijyb
  3239 | D:3      | Found a white marble altar of Elyvilon.
  3349 | D:4      | Found a glowing golden altar of the Shining One.
  3351 | D:4      | Found a shimmering altar of Xom.
  3421 | D:4      | Found a sand-covered staircase.
  3432 | D:4      | HP: 2/44 [mummy (5)]
  3604 | Ossuary  | Entered an ossuary
  3822 | Ossuary  | Learned a level 4 spell: Ice Form
  4556 | Ossuary  | Noticed Menkaure
  4573 | Ossuary  | Killed Menkaure
  4574 | Ossuary  | Reached skill level 1 in Ice Magic
  4574 | Ossuary  | Reached XP level 6. HP: 10/51 MP: 9/11
  5160 | Ossuary  | Gained mutation: You are strong-willed. (Will+) [potion of
                  | mutation]
  5160 | Ossuary  | Gained mutation: Your body sometimes deteriorates upon
                  | taking damage. [potion of mutation]
  5160 | Ossuary  | Gained mutation: Your muscles are strong. (Str +2) [potion
                  | of mutation]
  5579 | D:4      | Noticed Eustachio
  5605 | D:4      | Killed Eustachio
  5606 | D:4      | Reached XP level 7. HP: 37/57 MP: 11/13
  5798 | D:4      | Found an ancient bone altar of Kikubaaqudgha.
  5824 | D:4      | Noticed Sigmund
  5839 | D:4      | Killed Sigmund
  5840 | D:4      | Reached skill level 5 in Transmutations
  5845 | D:4      | Reached XP level 8. HP: 21/64 MP: 13/15
  6281 | D:4      | Found a sparkling altar of Nemelex Xobeh.
  6304 | D:4      | Found a shadowy altar of Dithmenos.
  6364 | D:4      | Reached skill level 5 in Spellcasting
  6920 | D:5      | Entered Level 5 of the Dungeon
  7201 | D:5      | Found a broken altar of Ashenzari.
  7609 | D:5      | Reached skill level 5 in Ice Magic
  7842 | D:5      | Reached XP level 9. HP: 63/70 MP: 18/18
  8279 | D:6      | Noticed Pikel
  8282 | D:6      | Noticed a boulder beetle
  8628 | D:6      | Noticed Grinder
  8640 | D:6      | Killed Grinder
  8688 | D:6      | Killed a boulder beetle
  9071 | D:6      | HP: 3/70 [iguana (5)]
  9501 | D:6      | Reached skill level 5 in Unarmed Combat
  9514 | D:6      | Killed Pikel
  9515 | D:6      | Reached XP level 10. HP: 60/84 MP: 17/21
  9863 | D:6      | Found a staircase to the Ecumenical Temple.
  9872 | Temple   | Entered the Ecumenical Temple
  9879 | Temple   | Became a worshipper of Cheibriados the Contemplative
 10425 | D:6      | Reached skill level 1 in Invocations
 10754 | D:7      | Found Ceupo's General Store.
 11164 | D:7      | Reached * piety under Cheibriados
 11415 | D:7      | Identified the +4 leather armour of Day {rElec Will+}
 11649 | D:7      | Found a radiant altar of Vehumet.
 11723 | D:8      | Noticed Grum
 11739 | D:7      | Killed Grum
 11740 | D:7      | Reached skill level 6 in Unarmed Combat
 11987 | D:8      | Noticed Psyche
 12014 | D:8      | Killed Psyche
 12311 | D:8      | Reached skill level 5 in Fighting
 12324 | D:8      | Noticed a kobold demonologist
 12347 | D:8      | Noticed a rust devil
 12354 | D:8      | Killed a kobold demonologist
 12355 | D:8      | Reached skill level 7 in Unarmed Combat
 12834 | D:8      | Found a sacrificial altar of Ru.
 12943 | D:8      | Reached XP level 11. HP: 95/95 MP: 20/22
 12952 | D:8      | Reached ** piety under Cheibriados
 13488 | D:9      | Noticed a two-headed ogre
 13497 | D:9      | Killed a two-headed ogre
 13643 | D:9      | Found Hokuzoxuar's General Store.
 14142 | D:9      | Reached skill level 8 in Unarmed Combat
 14296 | D:9      | Found an iron altar of Okawaru.
 14296 | D:9      | Found a bloodstained altar of Trog.
 14516 | D:9      | Found a shimmering blue altar of Sif Muna.
 14711 | D:9      | Reached *** piety under Cheibriados
 14728 | D:9      | Reached skill level 5 in Invocations
 15122 | D:10     | Entered Level 10 of the Dungeon
 15140 | D:10     | Reached **** piety under Cheibriados
 15228 | D:10     | Reached skill level 9 in Unarmed Combat
 15492 | D:10     | Noticed a cyan ugly thing
 15499 | D:10     | Killed a cyan ugly thing
 15559 | D:10     | Paralysed by a floating eye for 4 turns
 15566 | D:10     | Paralysed by a floating eye for 2 turns
 15572 | D:10     | Reached skill level 10 in Unarmed Combat
 15956 | D:10     | Found Dobej's Demolitions Depot.
 16274 | D:10     | Noticed a swamp dragon
 16280 | D:10     | Killed a swamp dragon
 16281 | D:10     | Reached XP level 12. HP: 103/103 MP: 19/23
 16317 | D:10     | Reached ***** piety under Cheibriados
 16401 | D:10     | Reached skill level 11 in Unarmed Combat
 16405 | D:10     | Noticed a two-headed ogre
 16411 | D:10     | Killed a two-headed ogre
 16418 | D:10     | Learned a level 5 spell: Alistair's Intoxication
 16532 | D:10     | Reached skill level 1 in Poison Magic
 16574 | D:10     | Noticed a death knight
 16582 | D:10     | Killed a death knight
 17161 | D:10     | Reached skill level 12 in Unarmed Combat
 17170 | D:10     | Noticed a boulder beetle
 17172 | D:10     | Noticed a tengu warrior
 17175 | D:10     | Killed a boulder beetle
 17180 | D:10     | Killed a tengu warrior
 17181 | D:10     | Reached skill level 13 in Unarmed Combat
 18374 | D:11     | Reached skill level 5 in Dodging
 18537 | D:11     | Found a staircase to the Lair.
 18569 | D:11     | Gained mutation: You can use your snake-like lower body to
                  | constrict enemies. [Naga growth]
 18569 | D:11     | Reached XP level 13. HP: 111/111 MP: 19/24
 18631 | D:11     | Identified the +5 halberd of Kiemavea {vorpal, rElec rC-
                  | Str+4}
 18709 | D:11     | Found an ancient bone altar of Kikubaaqudgha.
 18730 | D:11     | Reached ****** piety under Cheibriados
 18799 | D:11     | You fall into a shaft and drop 2 floors!
 19813 | Lair:1   | Entered Level 1 of the Lair of Beasts
 20939 | Lair:2   | Found a gate leading to a gauntlet.
 20944 | Lair:2   | Found a staircase to the Swamp.
 20962 | Gauntlet | Entered a Gauntlet
 20962 | Gauntlet | Found a transporter.
 20962 | Gauntlet | Found a transporter.
 20962 | Gauntlet | Found a transporter.
 21220 | Gauntlet | Found a transporter.
 21224 | Gauntlet | Found a transporter.
 21227 | Gauntlet | Noticed a reaper
 21233 | Gauntlet | Found a transporter.
 21235 | Gauntlet | Found a transporter.
 21237 | Gauntlet | Found a large runed translucent door.
 21238 | Gauntlet | Found a large runed translucent door.
 21239 | Gauntlet | Found a large runed translucent door.
 21239 | Gauntlet | Found a large runed translucent door.
 21239 | Gauntlet | Found a runed translucent door.
 21240 | Gauntlet | Found a large runed translucent door.
 21240 | Gauntlet | Found a runed translucent door.
 21241 | Gauntlet | Found a transporter.
 21241 | Gauntlet | Found a large runed translucent door.
 21241 | Gauntlet | Found a large runed translucent door.
 21241 | Gauntlet | Found a large runed translucent door.
 21241 | Gauntlet | Found a large runed translucent door.
 21241 | Gauntlet | Found a large runed translucent door.
 21242 | Gauntlet | Found a large runed translucent door.
 21242 | Gauntlet | Found a large runed translucent door.
 21243 | Gauntlet | Found a runed translucent gate.
 21243 | Gauntlet | Found a runed translucent gate.
 21243 | Gauntlet | Found a runed translucent gate.
 21245 | Gauntlet | Found a transporter.
 21278 | Gauntlet | Found a transporter.
 21281 | Gauntlet | Found a transporter.
 21302 | Gauntlet | Found a transporter.
 21327 | Gauntlet | Found a large runed translucent door.
 21328 | Gauntlet | Found a large runed translucent door.
 21337 | Gauntlet | Found a large runed translucent door.
 21337 | Gauntlet | Found a large runed translucent door.
 21492 | Gauntlet | Identified the +3 scimitar "Yfodig" {elec, +Blink Dex+5}
 21643 | Gauntlet | Identified the ring "Wiunetre" {rF+ SInv}
 21651 | Gauntlet | Noticed a minotaur
 21659 | Gauntlet | Killed a minotaur
 21988 | Lair:2   | Reached XP level 14. HP: 129/129 MP: 25/25
 22682 | Lair:3   | Reached skill level 10 in Fighting
 22866 | Lair:3   | Reached skill level 1 in Armour
 24588 | Lair:4   | Found a hole to the Spider Nest.
 25302 | Lair:5   | Reached skill level 1 in Stealth
 25371 | Lair:5   | Reached skill level 5 in Armour
 25543 | Lair:5   | Reached skill level 5 in Stealth
 26070 | Lair:5   | Learned a level 5 spell: Yara's Violent Unravelling
 26594 | Lair:6   | Entered Level 6 of the Lair of Beasts
 26598 | Lair:6   | Reached skill level 1 in Hexes
 26686 | Lair:6   | Found a staircase to the Slime Pits.
 26706 | Lair:6   | Reached XP level 15. HP: 79/138 MP: 27/27
 27292 | Lair:6   | Noticed Josephine
 27303 | Lair:6   | Killed Josephine
 28020 | Lair:6   | Reached skill level 10 in Transmutations
 29458 | D:12     | Reached skill level 14 in Unarmed Combat
 29602 | D:12     | Found a staircase to the Orcish Mines.
 30142 | D:12     | Got Jegaires's Collected Works on Twisted Dislocation
 31150 | D:13     | Reached skill level 15 in Unarmed Combat
 31206 | D:13     | Found a gate to the Vaults.
 31345 | D:13     | Reached XP level 16. HP: 146/146 MP: 29/29
 31433 | D:13     | Learned a level 5 spell: Blade Hands
 31557 | D:13     | Learned a level 5 spell: Irradiate
 31577 | D:13     | Reached skill level 1 in Conjurations
 32615 | D:14     | Noticed Kirke
 32634 | D:14     | Killed Kirke
 32820 | D:14     | Noticed Lodul
 32831 | D:14     | Killed Lodul
 33262 | D:14     | Noticed Louise
 33271 | D:14     | Killed Louise
 33596 | D:14     | Found a shadowy altar of Dithmenos.
 33679 | D:15     | Entered Level 15 of the Dungeon
 33797 | D:15     | Reached skill level 16 in Unarmed Combat
 34062 | D:15     | Found a staircase to the Depths.
 34437 | D:15     | Found a white marble altar of Elyvilon.
 35163 | Orc:1    | Entered Level 1 of the Orcish Mines
 35551 | Orc:2    | Entered Level 2 of the Orcish Mines
 35600 | Orc:2    | Noticed ParaBellum's ghost (journeyman MiBe)
 35716 | Orc:2    | Reached skill level 1 in Throwing
 36044 | Orc:2    | Found a transporter.
 36144 | Orc:2    | Found a transporter.
 36145 | Orc:2    | Found a bloodstained altar of Trog.
 36898 | Orc:2    | Reached skill level 10 in Spellcasting
 36898 | Orc:2    | Reached XP level 17. HP: 106/153 MP: 6/31
 37702 | Orc:2    | Found a staircase to the Elven Halls.
 38089 | Orc:2    | Found Koul's Weapon Emporium.
 38092 | Orc:2    | Found Washramol's Armour Shoppe.
 38093 | Orc:2    | Found Juasteg's General Store.
 38094 | Orc:2    | Found Laocwuu's General Store.
 38097 | Orc:2    | Reached skill level 5 in Conjurations
 38097 | Orc:2    | Reached skill level 5 in Hexes
 38097 | Orc:2    | Reached XP level 18. HP: 160/160 MP: 32/32
 38243 | Orc:2    | Killed ParaBellum's ghost
 38253 | Orc:2    | HP: 9/240 [troll (7)]
 38255 | Orc:2    | Mangled by an orc knight

Illustrated notes

Levels and vault maps discovered:
D:1:      elethiomel_arrival_shortcut, layout_loops_ring,
          nicolae_ecumenical_lake_church, kennysheep_pointless_box
D:2:      layout_loops_ring, skrybe_limestone_x
D:3:      layout_loops_cross, kennysheep_ying_yang, uniq_ijyb
D:4:      layout_basic, mainiacjoe_overflow_big_doors,
          mainiacjoe_overflow_catwalk_spiral, kennysheep_vampire_church,
          nicolae_ossuary_entry_giza, uniq_sigmund, uniq_eustachio
D:5:      layout_loops_cross, evilmike_ruin_ashenzari, cheibrodos_gnoll_hut,
          uniq_menkaure
D:6:      layout_loops_ring, minmay_temple_entry_statues, minmay_pentangle,
          uniq_grinder, uniq_pikel
D:7:      layout_basic, mainiacjoe_overflow_cross_hatched, serial_shops,
          nicolae_shop_trees, grunt_ministairs_9
D:8:      layout_basic, lemuel_doored_altar, minmay_fractal_squares_5,
          uniq_psyche, uniq_grum, uniq_joseph
D:9:      layout_layer_cave, grunt_temple_overflow_bloody_war,
          nicolae_sif_muna_condensation, serial_shops, shop_fountains,
          special_room [special_room_bee]
D:10:     minmay_the_grid_3x3 [minmay_the_grid_mess, minmay_the_grid_dragon_a,
          minmay_the_grid_odd_star, minmay_the_grid_stretched_grid,
          minmay_the_grid_embedded, minmay_the_grid_gridbox,
          minmay_the_grid_paths, minmay_the_grid_fan,
          minmay_the_grid_prize_four_corners], layout_loops_ring,
          nicolae_blasting_shop, onia_ninara_cookie
D:11:     wander_kiku_kobolds, layout_basic
D:12:     regret_index_bee_streams, layout_small_grid, orc_0_dummy,
          grunt_ministairs_13, st_stairs_8, nicolae_straight_to_the_point
D:13:     layout_roguey, erik_vaults_1, special_room [special_room_orc]
D:14:     layout_gridville, kennysheep_flooded_box, minmay_rotating_lava,
          uniq_louise, uniq_lodul, uniq_kirke
D:15:     gammafunk_depths_entry_grave, layout_cave_pools, glass_columns_a,
          elyvilon_altar_4
Temple:   compressed_dpeg_triangle_lava_temple
Lair:1:   lemuel_slime, layout_hall_layers, serial_bayou_shore_b,
          lemuel_fruit_fields
Lair:2:   layout_gridlike, minmay_swamp_entry_reptiles, gauntlet_entry_generic
Lair:3:   layout_layer_cave
Lair:4:   layout_cave_pods, hellmonk_spider_entry_life_and_decay,
          cheibrodos_lair_reptile_den
Lair:5:   pond_and_an_island_with_a_cottage, layout_cave_pods,
          beast_lair_carwin_6
Lair:6:   guppyfry_lair_end_dragon, layout_regular_city,
          hangedman_lair_in_review, minmay_slime_entry_pillars, uniq_josephine
Orc:1:    layout_caves, minmay_orc_keep
Orc:2:    st_orc_pillars, layout_diamond_mine,
          gammafunk_ghost_wrathful_warriors, nicolae_orc_lava_room

Skill      XL: |  1  2  3  4  5  6  7  8  9 10 11 12 13 14 15 16 17 18 |
---------------+-------------------------------------------------------+-----
Unarmed Combat | 4 5 7 10 13 15 16 | 16.4
Transmutations | 3 4 5 6 8 10 | 10.2
Spellcasting   | 3 4 6 7 8 9 10 | 10.5
Ice Magic      | 1 2 3 5 |  5.0
Fighting       | 3 5 9 10 | 10.0
Dodging        | 3 4 5 8 9 |  9.0
Invocations    | 3 7 8 9 |  9.0
Poison Magic   | 3 |  3.0
Armour         | 6 7 8 |  8.4
Stealth        | 6 |  6.0
Hexes          | 2 3 4 5 |  5.6
Conjurations   | 4 5 |  5.5
Throwing       | 2 3 4 |  4.2

Action                   |  1- 3 |  4- 6 |  7- 9 | 10-12 | 13-15 | 16-18 || total
-------------------------+-------+-------+-------+-------+-------+-------++-------
Melee: Unarmed           |    43 |   290 |    95 |   479 |   949 |   447 ||  2303
       Headbutt          |     1 |       |       |       |     1 |       ||     2
       Punch             |     1 |    12 |     9 |    38 |    71 |    49 ||   180
       Quick blade       |       |    49 |   210 |   263 |       |       ||   522
       Constrict         |       |       |       |       |   121 |    95 ||   216
Throw: Boomerang         |       |    13 |    11 |    19 |    97 |   106 ||   246
       Javelin           |       |       |       |       |       |     4 ||     4
 Cast: Beastly Appendage |     1 |       |       |       |     2 |       ||     3
       Spider Form       |       |     1 |       |     1 |       |     1 ||     3
       Ice Form          |       |       |     5 |    24 |    28 |     6 ||    63
       Alistair's Intoxi |       |       |       |       |     1 |     7 ||     8
       Yara's Violent Un |       |       |       |       |       |    14 ||    14
       Blade Hands       |       |       |       |       |       |    10 ||    10
Invok: Slouch            |       |       |       |       |     2 |       ||     2
       Step From Time    |       |       |       |       |       |     1 ||     1
 Abil: Spit Poison       |    24 |    29 |    12 |     2 |       |       ||    67
       End Transformatio |       |       |     1 |       |     3 |     3 ||     7
Evoke: Wand              |       |       |       |       |     2 |       ||     2
  Use: Potion            |     1 |     8 |     4 |     2 |     4 |     5 ||    24
       Scroll            |       |     9 |     1 |     6 |     7 |    10 ||    33
 Stab: Sleeping          |       |     1 |       |     2 |    10 |     1 ||    14
       Distracted        |       |       |       |     2 |     5 |     3 ||    10
       Petrifying        |       |       |       |     1 |     1 |       ||     2
       Petrified         |       |       |       |       |     1 |       ||     1
       Confused          |       |       |       |       |       |     3 ||     3
Armor: Robe              |     6 |    52 |   116 |       |       |       ||   174
       Skin              |     4 |    18 |    78 |   104 |   137 |     7 ||   348
       Leather armour    |       |       |       |   240 |   175 |   126 ||   541
Dodge: Dodged            |    23 |    98 |   152 |   423 |   720 |   342 ||  1758
Block: Other             |     6 |    66 |    68 |   202 |   212 |   107 ||   661
       Reflection        |     1 |       |       |     6 |     7 |     2 ||    16

Table legend: (Time is in decaauts)
 A = Elapsed time spent in this place.
 B = Non-inter-level travel time spent in this place.
 C = Inter-level travel time spent in this place.
 D = Time resting spent in this place.
 E = Time spent auto-exploring this place.
 F = Levels seen in this place.
 G = Mean time per level.
                   A        B        C        D        E       F      G
               +--------+--------+--------+--------+--------+-----+--------+
         Total |  59749 |  57628 |   2121 |  11422 |  35790 |  26 | 2298.0 |
       Dungeon |  34250 |  33030 |   1220 |   7401 |  20133 |  15 | 2283.3 |
        Temple |     21 |     21 |      0 |      0 |      0 |   1 |   21.0 |
          Lair |  17261 |  16503 |    758 |   1467 |  13020 |   6 | 2876.8 |
  Orcish Mines |   5014 |   4873 |    141 |   1333 |   2482 |   2 | 2507.0 |
       Ossuary |   1641 |   1641 |      0 |    925 |      0 |   1 | 1641.0 |
      Gauntlet |   1559 |   1559 |      0 |    295 |    153 |   1 | 1559.0 |
               +--------+--------+--------+--------+--------+-----+--------+

Top non-repeatable levels by time:
    D:10: 4425 daAuts
  Lair:6: 4227 daAuts
   Orc:2: 3930 daAuts
    D:12: 3409 daAuts
  Lair:3: 3076 daAuts
  Lair:5: 3075 daAuts
    D:11: 2819 daAuts
     D:9: 2798 daAuts
  Lair:4: 2769 daAuts
    D:14: 2455 daAuts
     D:4: 2358 daAuts
     D:6: 2340 daAuts
    D:15: 2161 daAuts
     D:5: 2100 daAuts
  Lair:1: 2079 daAuts
